[Event "Team 45 45 League T66"]
[Site "Internet Chess Club"]
[Date "2015.09.20"]
[Round "3"]
[White "dabodhi"]
[Black "Uku"]
[Result "1-0"]
[WhiteElo "1383"]
[BlackElo "1308"]
[Opening "Scotch gambit: Benima defense"]
[ECO "C44"]
[Time "20:15:27"]
[TimeControl "2700+45"]

1. e4 e5 2. Nf3 Nc6 3. d4 exd4 4. Bc4 Be7 5. O-O Nf6 6. e5 Ng4 7. Re1 O-O 8. h3
Nh6 9. Bxh6 gxh6 10. Nxd4 Re8 11. Nf5 Bg5 12. Qd5 Rf8 13. h4 Bxh4 14. Nxh6+ Kg7
15. Nf5+ Kh8 16. Re4 Bg5 17. Rg4 h6 18. f4 Be7 19. Nxh6 Kh7 20. Nxf7 d6 21. Qe4+
Bf5 22. Qxf5# {Black checkmated} 1-0

[Event "Team 45 45 League T66"]
[Site "Internet Chess Club"]
[Date "2015.09.18"]
[Round "3"]
[White "Striker3000"]
[Black "Just-Jim"]
[Result "1-0"]
[WhiteElo "1413"]
[BlackElo "1278"]
[Opening "King's pawn opening"]
[ECO "B07"]
[Time "18:01:29"]
[TimeControl "2700+45"]

1. e4 d6 2. d4 c6 3. Nf3 Nd7 4. Nc3 b5 5. d5 Qb6 6. dxc6 Nc5 7. Bxb5 Nxe4 8. c7+
Bd7 9. Bxd7+ Kxd7 10. Nxe4 Qxc7 11. Qd5 Qc8 12. Ne5+ Kc7 13. Qc4+ Kb7 14. Qb5+
Kc7 15. Qc6+ Kb8 16. Nd7+ Qxd7 17. Qxd7 Nh6 18. Bd2 f5 19. Ba5 fxe4 20. Qc7#
{Black checkmated} 1-0

[Event "Team 45 45 League T66"]
[Site "Internet Chess Club"]
[Date "2015.09.19"]
[Round "3"]
[White "bhandelman"]
[Black "mindchess"]
[Result "0-1"]
[WhiteElo "1194"]
[BlackElo "1215"]
[Opening "English: closed system"]
[ECO "A25"]
[Time "08:33:53"]
[TimeControl "2700+45"]

1. c4 e5 2. g3 g6 3. Bg2 Bg7 4. Nc3 Nc6 5. e4 Nf6 6. d3 d6 7. Nf3 Bg4 8. O-O Nd4
9. h3 Nxf3+ 10. Bxf3 Bxh3 11. Re1 Bd7 12. Bg2 O-O 13. b4 c6 14. a4 Rb8 15. Ba3
b6 16. b5 c5 17. f4 Nh5 18. Qf3 f5 19. Bc1 exf4 20. gxf4 Bxc3 21. Be3 Bxe1 22.
Rxe1 Qh4 23. Bf2 Qxf4 24. Qxf4 Nxf4 25. Bf1 g5 26. e5 Rfe8 27. exd6 Rxe1 28.
Bxe1 h5 29. d4 cxd4 30. Bf2 d3 31. c5 d2 {White resigns} 0-1

[Event "Team 45 45 League T66"]
[Site "Internet Chess Club"]
[Date "2015.09.20"]
[Round "3"]
[White "kidviper"]
[Black "Lrn2Mate"]
[Result "1-0"]
[WhiteElo "1946"]
[BlackElo "1598"]
[Opening "Scandinavian (center counter) defense"]
[ECO "B01"]
[Time "15:46:49"]
[TimeControl "2700+45"]

1. e4 d5 2. exd5 Qxd5 3. Nc3 Qd8 4. Bc4 Nf6 5. Nf3 Bf5 6. O-O e6 7. d4 c6 8. Qe2
Be7 9. Bg5 O-O 10. Rad1 Nbd7 11. Ne5 Nd5 12. Bxe7 Qxe7 13. Ne4 Bxe4 14. Qxe4
Nxe5 15. dxe5 Qg5 16. Bd3 g6 17. h4 Qf4 18. c4 Qxe4 19. Bxe4 Nb6 20. b3 Rfd8 21.
Rd6 Kf8 22. f4 Ke7 23. Rfd1 Rd7 24. c5 Nd5 25. Bxd5 exd5 26. Rd4 Rf8 27. Rb4 Rc7
28. Rf6 Rd7 29. Kf2 Re8 30. Ke3 Kf8 31. Rd4 Re6 32. Rxe6 fxe6 33. b4 Rf7 34. a4
a6 35. Rd2 Kg7 36. Rb2 Rd7 37. Kd4 Kh6 38. g4 Kg7 39. b5 axb5 40. axb5 Kf7 41.
b6 Rd8 42. Ra2 Rd7 43. Ra8 Re7 44. Rb8 Kg7 45. Rd8 Kf7 46. Rh8 Kg7 47. Rb8 Rf7
48. Ke3 Re7 49. Ra8 Kf7 50. Ra7 Rd7 51. Kd4 Kg7 52. Ra8 Kf7 53. Rc8 Re7 54. h5
Re8 55. Rc7+ Re7 56. h6 Kf8 57. Ke3 Kf7 58. Kf3 Kf8 59. f5 gxf5 60. g5 d4 61.
Rxe7 Kxe7 62. g6 d3 63. gxh7 d2 64. Ke2 f4 65. h8=Q f3+ 66. Kxd2 f2 67. Qf6+ Ke8
68. Qxf2 {Black resigns} 1-0

[Event "Team 45 45 League T66"]
[Site "Internet Chess Club"]
[Date "2015.09.20"]
[Round "3"]
[White "clarinetref"]
[Black "kidcobra"]
[Result "0-1"]
[WhiteElo "1624"]
[BlackElo "1818"]
[Opening "Sicilian: dragon, Yugoslav attack, Rauser variation"]
[ECO "B76"]
[Time "20:04:50"]
[TimeControl "2700+45"]

1. e4 c5 2. Nf3 g6 3. d4 cxd4 4. Nxd4 Bg7 5. Be3 Nc6 6. Nc3 Nf6 7. f3 O-O 8. Qd2
d6 9. O-O-O d5 10. Nxc6 bxc6 11. Bh6 Be6 12. Bxg7 Kxg7 13. exd5 Nxd5 14. Bc4 Nc7
15. Qe3 Qc8 16. Ne4 Bxc4 17. Qd4+ Kg8 18. Qxc4 Qe6 19. Qa4 Nd5 20. Rhe1 Nb6 21.
Nc5 Qxe1 22. Rxe1 Nxa4 23. Nxa4 e6 24. Nc5 Rfd8 25. h4 Rd5 26. Ne4 Kg7 27. c4
Rd4 28. b3 Rad8 29. g4 Rd3 30. Rf1 R8d4 31. Nc5 Rd2 32. a4 Rh2 33. h5 gxh5 34.
gxh5 Rdd2 35. Ne4 Rc2+ 36. Kd1 Ra2 37. Rg1+ Kf8 {White resigns} 0-1

[Event "Team 45 45 League T66"]
[Site "Internet Chess Club"]
[Date "2015.09.16"]
[Round "3"]
[White "KidRattler"]
[Black "tryanything"]
[Result "1-0"]
[WhiteElo "1757"]
[BlackElo "1588"]
[Opening "Danish gambit"]
[ECO "C21"]
[Time "18:52:10"]
[TimeControl "2700+45"]

1. e4 e5 2. d4 exd4 3. c3 dxc3 4. Bc4 Nf6 5. Nf3 Bc5 6. Nxc3 O-O 7. O-O d6 8.
Ng5 h6 9. Nxf7 Rxf7 10. e5 d5 11. exf6 Rxf6 12. Nxd5 Rd6 13. Bf4 Rxd5 14. Qxd5+
Qxd5 15. Bxd5+ Kh8 16. Bxc7 Nc6 17. Bxc6 bxc6 18. Rac1 Bd4 19. Rfd1 c5 20. b4
Bg4 21. Rd2 Rc8 22. Bd6 Bf6 23. h3 Bf5 24. Rxc5 Rxc5 25. bxc5 {Black resigns}
1-0

[Event "Team 45 45 League T66"]
[Site "Internet Chess Club"]
[Date "2015.09.22"]
[Round "3"]
[White "PostMike"]
[Black "BJJ"]
[Result "1-0"]
[WhiteElo "1568"]
[BlackElo "1480"]
[Opening "Two knights defense"]
[ECO "C57"]
[Time "14:40:35"]
[TimeControl "2700+45"]

1. e4 e5 2. Nf3 Nc6 3. Bc4 Nf6 4. Ng5 Nxe4 5. Bxf7+ Ke7 6. d3 Nf6 7. Bb3 d5 8.
O-O h6 9. Nf3 Bg4 10. c3 Qd7 11. Re1 Ke8 12. h3 Bh5 13. Bf4 Bxf3 14. Qxf3 Bd6
15. Bh2 b5 16. Bxd5 Nxd5 17. Qxd5 Kd8 18. Nd2 Rf8 19. Nf3 Rxf3 20. Qxf3 Kc8 21.
Qg4 Qxg4 22. hxg4 Kd7 23. Re3 Rf8 24. Rf3 g6 25. Rxf8 Bxf8 26. Re1 Bd6 27. f3
Bc5+ 28. Kf1 b4 29. Bxe5 Nxe5 30. Rxe5 Kd6 31. Re8 bxc3 32. bxc3 h5 33. gxh5
gxh5 34. Rh8 Be3 35. Rxh5 Bd2 36. c4 a5 37. Ke2 Bc3 38. f4 a4 39. g4 a3 40. Kf3
c5 41. Ke4 Bd4 42. Rh6+ Ke7 43. Kf5 Kf7 44. g5 Kg7 45. Ra6 Bb2 46. Ra7+ Kg8 47.
Kg6 Kf8 48. f5 Bc1 49. f6 Ke8 50. Ra8+ Kd7 51. f7 Ke6 52. f8=Q Bf4 53. Qxc5 Bd6
54. Qd5+ Kd7 55. Ra7+ Kc8 56. Qg8+ Bf8 57. Qxf8# {Black checkmated} 1-0

[Event "Team 45 45 League T66"]
[Site "Internet Chess Club"]
[Date "2015.09.19"]
[Round "3"]
[White "Egmont"]
[Black "primerpaso"]
[Result "0-1"]
[WhiteElo "1707"]
[BlackElo "1879"]
[Opening "Queen's pawn game"]
[ECO "D04"]
[Time "11:00:28"]
[TimeControl "2700+45"]

1. d4 Nf6 2. Nf3 d5 3. e3 g6 4. Bd3 Bg7 5. Nbd2 O-O 6. O-O b6 7. Ne5 Bb7 8. Qe2
c5 9. Ba6 Bxa6 10. c4 dxc4 11. Ndxc4 Nfd7 12. Qf3 Nxe5 {White resigns} 0-1

[Event "Team 45 45 League T66"]
[Site "Internet Chess Club"]
[Date "2015.09.16"]
[Round "3"]
[White "Kingofknights"]
[Black "QuieroAprender"]
[Result "0-1"]
[WhiteElo "1522"]
[BlackElo "1768"]
[Opening "Queen's pawn game"]
[ECO "E20"]
[Time "20:04:37"]
[TimeControl "2700+45"]

1. d4 Nf6 2. c4 e6 3. Nc3 c6 4. e4 h6 5. e5 Nh7 6. Bd3 d5 7. c5 b5 8. Qc2 f5 9.
exf6 Nxf6 10. Bg6+ Kd7 11. Nf3 Qe7 12. Bf4 a5 13. Ne5+ Kc7 14. Nf7+ Kb7 15. Nxh8
e5 16. Bxe5 Ng4 17. O-O Nxe5 18. Rfe1 Nf3+ 19. gxf3 Qg5+ 20. Kh1 Bh3 21. Re5
Qg2# {White checkmated} 0-1

[Event "Team 45 45 League T66"]
[Site "Internet Chess Club"]
[Date "2015.09.17"]
[Round "3"]
[White "olivermx"]
[Black "tightfist"]
[Result "0-1"]
[WhiteElo "1309"]
[BlackElo "1562"]
[Opening "Ruy Lopez: Berlin defense"]
[ECO "C65"]
[Time "16:03:52"]
[TimeControl "2700+45"]

1. e4 Nc6 2. Nf3 e5 3. Bb5 Nf6 4. d3 d6 5. h3 Bd7 6. Bd2 Be7 7. O-O O-O 8. a3 a6
9. Bc4 b5 10. Bb3 a5 11. c4 bxc4 12. Bxc4 Qb8 13. Bc3 Qb6 14. Re1 Be6 15. Bxe6
fxe6 16. Nbd2 Rfe8 17. Nf1 Rab8 18. Rb1 Bf8 19. Ne3 Nd4 20. Nc4 Qb3 21. Nxd4
Qxd1 22. Rexd1 exd4 23. Bxa5 Rb7 24. Rdc1 Reb8 25. Rc2 Nd7 26. Be1 Nc5 27. Rd2
Rb3 28. f3 Rxd3 29. Rxd3 Nxd3 30. b4 Nxe1 31. Rxe1 c5 32. bxc5 dxc5 33. Rc1 Rb3
34. Ra1 Rc3 35. Ne5 d3 36. a4 d2 {White resigns} 0-1

[Event "Team 45 45 League T66"]
[Site "Internet Chess Club"]
[Date "2015.09.17"]
[Round "3"]
[White "CaoCao"]
[Black "fhunfi"]
[Result "1-0"]
[WhiteElo "1952"]
[BlackElo "1847"]
[Opening "French: Winawer, classical variation"]
[ECO "C18"]
[Time "18:01:31"]
[TimeControl "2700+45"]

1. e4 e6 2. d4 d5 3. Nc3 Bb4 4. e5 c5 5. a3 Bxc3+ 6. bxc3 Qc7 7. Nf3 Ne7 8. h4
b6 9. h5 h6 10. Bb5+ Bd7 11. Bd3 Ba4 12. Bb2 c4 13. Be2 Nbc6 14. Qd2 Qd8 15. Kd1
Kd7 16. Qf4 Qg8 17. Rc1 Rf8 18. Rh3 Qh7 19. g4 g5 20. Qe3 Rhg8 21. Ne1 Rb8 22.
f4 gxf4 23. Qxf4 Rg7 24. Ng2 Rbg8 25. Ne3 b5 26. Kd2 a5 27. Ra1 Rg5 28. Rh2 Na7
29. Rf2 R8g7 30. Raf1 Nac8 31. Bd1 Nb6 32. Ke1 Nc6 33. Qf6 Ne7 34. Bc1 Ng8 35.
Qxf7+ Ne7 36. Qf3 b4 37. axb4 axb4 38. cxb4 Bb5 39. Be2 Na4 40. Bd2 Rg8 41. Qf7
R5g7 42. Qf6 Ra8 43. g5 hxg5 44. Bg4 Ra6 45. Qxg7 Qxg7 46. Rf7 Qg8 47. Nxd5 Qd8
48. Bxg5 Nb2 49. Bxe7 Ra1+ 50. Kd2 c3+ 51. Kxc3 Na4+ 52. Kb3 Bxf1 53. Bxd8+ Kxd8
54. Bxe6 Rb1+ 55. Kxa4 {Black resigns} 1-0

[Event "Team 45 45 League T66"]
[Site "Internet Chess Club"]
[Date "2015.09.20"]
[Round "3"]
[White "kidcobra"]
[Black "achessman"]
[Result "1-0"]
[WhiteElo "1809"]
[BlackElo "1890"]
[Opening "Caro-Kann: two knights variation"]
[ECO "B10"]
[Time "17:07:19"]
[TimeControl "2700+45"]

1. e4 c6 2. Nf3 d5 3. Nc3 dxe4 4. Nxe4 Bf5 5. Ng3 Bg6 6. h4 h6 7. Ne5 Qd6 8.
Nxg6 Qxg6 9. d4 Nf6 10. Bd3 Qg4 11. Qxg4 Nxg4 12. f3 Nf6 13. Ne4 Nbd7 14. O-O
O-O-O 15. c3 e6 16. Bf4 Nb6 17. Nxf6 gxf6 18. Be2 Nd5 19. Bh2 Ne3 20. Rf2 h5 21.
Bf4 Nf5 22. g3 e5 23. Bd3 Ne7 24. Be3 Bh6 25. Bxh6 Rxh6 26. Re2 Ng6 27. Bf5+ Kc7
28. dxe5 fxe5 29. Kf2 f6 30. Rae1 Ne7 31. Be6 Rd6 32. Bb3 Nc8 33. Re4 Rd8 34.
Rd1 Rxd1 35. Bxd1 Nd6 36. Re2 Rg6 37. Bc2 Rg7 38. b3 Nb5 39. Re3 Kd7 40. Bd3 Nc7
41. Bf5+ Ke8 42. c4 Kf8 43. Rd3 Ke8 44. g4 hxg4 45. fxg4 Na6 46. Rd2 Nb8 47. h5
Rg8 48. Kg3 Rh8 49. Kh4 Ke7 50. g5 fxg5+ 51. Kxg5 Rg8+ 52. Bg6 Nd7 53. Rf2 Ke6
54. h6 Nf8 55. Rf6+ Ke7 56. Rf7+ Ke6 57. Rf6+ Ke7 58. Rf7+ Ke6 59. Rg7 Rh8 60.
h7 Nxh7+ 61. Rxh7 Rb8 62. b4 Kd6 63. Bf5 e4 64. Kf4 Rd8 65. Rxb7 e3 66. Kxe3 a5
67. Rd7+ Rxd7 68. Bxd7 Kxd7 69. bxa5 Kd6 70. Kd4 c5+ 71. Ke4 Kc6 72. a6 Kb6 73.
Kd5 Kxa6 74. Kxc5 Kb7 75. Kb5 Kb8 76. c5 Kb7 77. c6+ Kc8 78. Kb6 Kb8 79. c7+ Kc8
80. a4 Kd7 81. Kb7 Kd6 82. c8=Q {Black resigns} 1-0

[Event "Team 45 45 League T66"]
[Site "Internet Chess Club"]
[Date "2015.09.17"]
[Round "3"]
[White "idjit"]
[Black "Frankly"]
[Result "0-1"]
[WhiteElo "1547"]
[BlackElo "1740"]
[Opening "Two knights defense (Modern bishop's opening)"]
[ECO "C55"]
[Time "14:00:35"]
[TimeControl "2700+45"]

1. e4 e5 2. Nf3 Nc6 3. Bc4 Nf6 4. d3 Be7 5. c3 O-O 6. Bb3 d5 7. Qe2 Bg4 8. Nbd2
d4 9. Nf1 Qd6 10. Ng3 Rad8 11. Bc2 dxc3 12. bxc3 b5 13. O-O b4 14. Bb2 bxc3 15.
Bxc3 Qa3 16. Bb3 Nb4 17. Bb2 Bxf3 18. Bxa3 Bxe2 19. Bxb4 Bxb4 20. Nxe2 Rxd3 21.
Rfd1 Rfd8 22. f3 Kf8 23. Rxd3 Rxd3 24. Rd1 Rxd1+ 25. Bxd1 Ke7 26. Nc1 Kd6 27.
Nd3 Bc5+ 28. Nxc5 Kxc5 29. Bb3 Kd4 30. Kf2 c5 31. Bxf7 Kd3 32. Ke1 c4 33. Bd5 c3
34. Kd1 h6 35. a4 g5 36. a5 Ne8 37. Bb3 Nd6 38. Bc2+ Kd4 39. Bb3 Nb7 {White
resigns} 0-1

[Event "Team 45 45 League T66"]
[Site "Internet Chess Club"]
[Date "2015.09.17"]
[Round "3"]
[White "NicoloPags"]
[Black "ChessHouston"]
[Result "1-0"]
[WhiteElo "2109"]
[BlackElo "1946"]
[Opening "Queen's pawn: Torre attack"]
[ECO "A46"]
[Time "20:00:12"]
[TimeControl "2700+45"]

1. d4 Nf6 2. Nf3 e6 3. Bg5 d5 4. e3 Nbd7 5. Bd3 Bd6 6. Nbd2 h6 7. Bh4 c5 8. c3
Qc7 9. O-O b6 10. e4 dxe4 11. Nxe4 Nxe4 12. Bxe4 Rb8 13. d5 Ne5 14. Bg3 O-O 15.
Nxe5 Bxe5 16. d6 {Black resigns} 1-0

[Event "Team 45 45 League T66"]
[Site "Internet Chess Club"]
[Date "2015.09.18"]
[Round "3"]
[White "IshanR"]
[Black "willhelm"]
[Result "0-1"]
[WhiteElo "1873"]
[BlackElo "1924"]
[Opening "Scandinavian: Pytel-Wade variation"]
[ECO "B01"]
[Time "21:00:57"]
[TimeControl "2700+45"]

1. e4 d5 2. exd5 Qxd5 3. Nc3 Qd6 4. Nf3 Bg4 5. Nb5 Qb6 6. a4 c6 7. a5 Qd8 8. Nc3
e6 9. a6 b6 10. d4 Nf6 11. Be2 Nbd7 12. Ne5 Nxe5 13. dxe5 Qxd1+ 14. Bxd1 Bxd1
15. Kxd1 Nd5 16. Nxd5 cxd5 17. Be3 Be7 18. Kd2 Rc8 19. Rhc1 Kd7 20. b3 Rc6 21.
c3 Rhc8 22. Bd4 Bc5 23. Kd3 Bxd4 24. Kxd4 b5 25. Ra5 Rb8 26. Rc2 Kc7 27. g3 Kb6
28. Raa2 Rbc8 29. Kd3 b4 30. cxb4 Rxc2 31. Rxc2 Rxc2 32. Kxc2 Kxa6 {White
resigns} 0-1

[Event "Team 45 45 League T66"]
[Site "Internet Chess Club"]
[Date "2015.09.18"]
[Round "3"]
[White "NAS"]
[Black "LiangLiang"]
[Result "1-0"]
[WhiteElo "1807"]
[BlackElo "1838"]
[Opening "Sicilian: Najdorf, 7...Be7 main line"]
[ECO "B99"]
[Time "19:00:59"]
[TimeControl "2700+45"]

1. e4 c5 2. Nf3 d6 3. d4 cxd4 4. Nxd4 Nf6 5. Nc3 a6 6. Bg5 e6 7. f4 Be7 8. Qf3
Nbd7 9. O-O-O Qc7 10. g4 b5 11. Bxf6 Bxf6 12. g5 Be7 13. f5 Bxg5+ 14. Kb1 Ne5
15. Qh5 Qe7 16. fxe6 g6 17. exf7+ Kf8 18. Qe2 Bg4 19. Qg2 Bxd1 20. Nd5 Qxf7 21.
Qxg5 h6 22. Qd2 Bf3 23. Bg2 Bxg2 24. Qxg2 Kg7 25. Rf1 Qb7 26. Ne6+ Kg8 27. Qf2
Ng4 28. Qh4 h5 29. Ne7+ {Black resigns} 1-0

[Event "Team 45 45 League T66"]
[Site "Internet Chess Club"]
[Date "2015.09.18"]
[Round "3"]
[White "julesraider"]
[Black "Innes"]
[Result "0-1"]
[WhiteElo "1533"]
[BlackElo "1679"]
[Opening "QGD Slav: 3.Nf3"]
[ECO "D11"]
[Time "17:00:54"]
[TimeControl "2700+45"]

1. d4 d5 2. c4 c6 3. Nf3 a6 4. Nc3 Nf6 5. e3 Bg4 6. Be2 Bxf3 7. Bxf3 dxc4 8. a4
e6 9. a5 Bb4 10. Qa4 Nd5 11. Bxd5 Bxc3+ 12. bxc3 exd5 13. O-O O-O 14. Ba3 Re8
15. Rab1 Qd7 16. Qb4 Qf5 17. Qxb7 Nd7 18. Bd6 Nf6 19. f3 Qd3 20. Rfe1 Qxc3 21.
Bb4 Qd3 22. Qxc6 Rec8 23. Qb7 c3 24. Bd6 h6 25. Rbc1 c2 26. Qb2 Rc3 27. Qb7 Rac8
28. Bc5 Re8 29. Qb2 Rxe3 30. Rxe3 Qxe3+ 31. Kf1 Qd3+ 32. Ke1 Nh5 33. Qb8+ Kh7
34. Qe5 Rb3 35. Qe2 Nf4 36. Qxc2 Nxg2+ 37. Kf2 Nf4 38. Bb6 g6 39. Qd1 Qe3+ 40.
Kf1 Qxf3+ 41. Qxf3 Rxf3+ 42. Ke1 Nd3+ 43. Ke2 Rh3 44. Rc7 Nf4+ 45. Kf2 Kg7 46.
Ra7 g5 47. Rxa6 Rxh2+ 48. Kf3 Rh3+ 49. Kg4 Kg6 50. Bd8+ Kg7 51. Bf6+ Kh7 52. Kf5
Ne6 53. Ra7 Rf3+ 54. Ke5 Kg6 55. Be7 g4 56. a6 g3 57. Rb7 g2 58. a7 g1=Q 59.
a8=Q Rf5+ 60. Kd6 Qxd4 61. Qg8+ Qg7 62. Qc8 h5 63. Qc2 Qe5+ 64. Kd7 d4 65. Qg2+
Kh6 66. Rb6 Qd5+ 67. Qxd5 Rxd5+ 68. Kc6 Rf5 69. Rb3 {White resigns} 0-1

[Event "Team 45 45 League T66"]
[Site "Internet Chess Club"]
[Date "2015.09.20"]
[Round "3"]
[White "Otelo"]
[Black "swagnik"]
[Result "0-1"]
[WhiteElo "1851"]
[BlackElo "1799"]
[Opening "Robatsch (modern) defense"]
[ECO "B06"]
[Time "17:00:29"]
[TimeControl "2700+45"]

1. e4 g6 2. d4 Bg7 3. Be3 c5 4. Nc3 cxd4 5. Bxd4 Bxd4 6. Qxd4 Nf6 7. Nd5 Nc6 8.
Nxf6+ exf6 9. Qc3 O-O 10. O-O-O d6 11. Bc4 f5 12. Bd5 fxe4 13. Bxc6 bxc6 14.
Qxc6 Qg5+ 15. Kb1 Qxg2 16. Ne2 Rb8 17. Qxd6 Bg4 18. Rhg1 Qxf2 19. Rxg4 Qxe2 20.
Rgg1 Rfc8 21. Rd2 Qc4 22. b3 e3 23. Rdg2 Re8 24. Re1 Qc3 25. Rge2 Rbd8 26. Qa3
Rd2 27. Qc1 Rxe2 28. Rxe2 f5 29. Qd1 Qe5 30. h4 f4 31. Qf1 Qe4 32. h5 f3 33. Re1
e2 34. Qf2 Rc8 35. hxg6 Qxc2+ 36. Ka1 Qd1+ 37. Kb2 Rc2+ 38. Ka3 Qd6+ 39. Ka4
Rxa2+ 40. Kb5 a6+ {White resigns} 0-1

[Event "Team 45 45 League T66"]
[Site "Internet Chess Club"]
[Date "2015.09.20"]
[Round "3"]
[White "fkramer"]
[Black "bobhill"]
[Result "1/2-1/2"]
[WhiteElo "1802"]
[BlackElo "1978"]
[Opening "Queen's pawn game"]
[ECO "D00"]
[Time "22:02:03"]
[TimeControl "2700+45"]

1. d4 d5 2. c3 Nf6 3. Nf3 g6 4. Bf4 Bg7 5. h3 O-O 6. e3 Nbd7 7. Be2 c5 8. O-O
Qb6 9. Qb3 c4 10. Qxb6 axb6 11. Na3 Ne4 12. Rfd1 h6 13. Nb5 Ra5 14. a4 g5 15.
Bh2 f5 16. Nd2 Nxd2 17. Rxd2 Nf6 18. Bc7 Ra6 19. f3 Bd7 20. Rdd1 Rfa8 21. Na3
Bxa4 22. Re1 Bf8 23. Nxc4 b5 24. Nb6 R8a7 25. Bb8 Rxb6 26. Bxa7 Rc6 27. Bc5 Nd7
28. Bb4 Nb6 29. Kf2 Kf7 30. Bd3 Nc4 31. Bxc4 dxc4 32. e4 f4 33. d5 Rg6 34. Re2
Bg7 35. Rd2 Be5 36. Bc5 h5 37. Bd4 Kf6 38. Bxe5+ Kxe5 39. Rh1 h4 40. Rd4 Rd6 41.
Ra1 Ra6 42. Ra3 Kd6 43. Rd2 Ke5 44. Ra1 Rd6 45. Ke1 Kf6 46. Re2 Ke5 47. Kf2 Rd8
48. Ke1 Rd6 49. Rd2 Kf6 50. Rd4 Ke5 {Game drawn by mutual agreement} 1/2-1/2

[Event "Team 45 45 League T66"]
[Site "Internet Chess Club"]
[Date "2015.09.16"]
[Round "3"]
[White "diegoami"]
[Black "Schachteufel"]
[Result "0-1"]
[WhiteElo "1769"]
[BlackElo "1702"]
[Opening "Sicilian: Nimzovich-Rossolimo attack (with ...g6, without ...d6)"]
[ECO "B31"]
[Time "16:01:28"]
[TimeControl "2700+45"]

1. e4 c5 2. Nf3 Nc6 3. Bb5 g6 4. O-O Bg7 5. Nc3 e5 6. d3 Nge7 7. Bg5 h6 8. Bh4
g5 9. Bg3 d6 10. Qd2 a6 11. Bxc6+ Nxc6 12. h3 O-O 13. Nh2 f5 14. f3 Nd4 15. a4
f4 16. Bf2 h5 17. Bxd4 cxd4 18. Nd5 Rf7 19. c3 dxc3 20. bxc3 Be6 21. c4 Bxd5 22.
cxd5 Rc8 23. Rfc1 Qb6+ 24. Qf2 Qxf2+ 25. Kxf2 Rfc7 26. Rxc7 Rxc7 27. Ra2 Bf6 28.
Ke2 Bd8 29. Rb2 Rg7 30. Rc2 Bb6 31. Kd1 Bc5 32. Rb2 Kf8 33. Nf1 b6 34. Nd2 g4
35. hxg4 hxg4 36. fxg4 Rxg4 37. Nf3 Rg3 38. Re2 Kg7 39. Kc2 Kh6 40. Kd1 Rg7 41.
Rb2 Rg3 42. Re2 Kg6 43. Ke1 Kf6 44. Kd1 Rg7 45. Kc2 Rc7 46. Kb1 Rh7 47. Re1 Bf2
48. Rf1 Be3 49. Re1 Rc7 50. Kb2 b5 51. axb5 axb5 52. Kb3 Bc5 53. Re2 Rh7 54. Re1
Ra7 55. Rd1 b4 56. d4 Ra3+ 57. Kb2 exd4 58. Nxd4 Rg3 59. Ne6 Rxg2+ 60. Kb3 Rg3+
61. Kb2 Be3 62. e5+ Kxe5 63. Rf1 f3 {White resigns} 0-1

[Event "Team 45 45 League T66"]
[Site "Internet Chess Club"]
[Date "2015.09.21"]
[Round "3"]
[White "nanning"]
[Black "Beetlejuice"]
[Result "1/2-1/2"]
[WhiteElo "1678"]
[BlackElo "1811"]
[Opening "Dutch, 2.Bg5 variation"]
[ECO "A80"]
[Time "14:01:28"]
[TimeControl "2700+45"]

1. d4 f5 2. Bg5 h6 3. Bh4 g5 4. e4 Bg7 5. Qh5+ Kf8 6. Nf3 fxe4 7. Ne5 Bxe5 8.
dxe5 gxh4 9. Qf5+ Kg7 10. Qg4+ Kf7 11. Qh5+ Kg7 12. Qg4+ Kf7 13. Qh5+ {Game
drawn by mutual agreement} 1/2-1/2

[Event "Team 45 45 League T66"]
[Site "Internet Chess Club"]
[Date "2015.09.20"]
[Round "3"]
[White "TerryMalloy"]
[Black "jjimalo"]
[Result "1-0"]
[WhiteElo "2069"]
[BlackElo "1916"]
[Opening "Sicilian: Nimzovich-Rossolimo attack (with ...g6, without ...d6)"]
[ECO "B31"]
[Time "12:23:38"]
[TimeControl "2700+45"]

1. e4 c5 2. Nf3 Nc6 3. Bb5 g6 4. O-O Bg7 5. c3 Nf6 6. Re1 O-O 7. d4 d5 8. e5 Ne4
9. Bxc6 bxc6 10. Nbd2 cxd4 11. cxd4 c5 12. dxc5 Nxc5 13. Nb3 Nxb3 14. Qxb3 Bg4
15. Nd4 Qb6 16. Qxb6 axb6 17. b3 Rfc8 18. a4 Bd7 19. f4 e6 20. Ba3 Bf8 21. Bxf8
Kxf8 22. Rec1 Ke7 23. Kf2 Rxc1 24. Rxc1 Rc8 25. Rxc8 Bxc8 26. Ke3 Ba6 27. Kd2
Kd7 28. Kc3 h5 29. Kb4 Bf1 30. g3 Kc7 31. Nf3 Kd7 32. a5 bxa5+ 33. Kxa5 Be2 34.
Nd4 Bd3 35. Kb6 Bf1 36. Kb7 Bd3 37. b4 Bc4 38. b5 Bxb5 39. Nxb5 Kd8 40. Nd6 Ke7
41. Kc7 Kf8 42. Kd7 Kg8 43. Ke7 Kg7 44. Nxf7 {Black resigns} 1-0

[Event "Team 45 45 League T66"]
[Site "Internet Chess Club"]
[Date "2015.09.21"]
[Round "3"]
[White "MikeTtheGuru"]
[Black "CaptK"]
[Result "1-0"]
[WhiteElo "2022"]
[BlackElo "1883"]
[Opening "English opening"]
[ECO "A16"]
[Time "12:02:17"]
[TimeControl "2700+45"]

1. c4 Nf6 2. Nc3 g6 3. g3 Bg7 4. Bg2 d6 5. Nf3 O-O 6. O-O c6 7. Rb1 Qa5 8. b4
Qh5 9. d3 e5 10. b5 c5 11. Nh4 g5 12. Nf3 h6 13. h4 gxh4 14. Nxh4 a6 15. bxa6
Rxa6 16. Bxb7 Bxb7 17. Rxb7 Nc6 18. a3 Re8 19. f3 Nh7 20. Nd5 Bf6 21. Nc7 Bxh4
22. gxh4 Re7 23. Rf2 f5 24. Rg2+ Kh8 25. Qb3 Nf6 26. Nxa6 Qxh4 27. Bd2 Nh5 28.
Rb8+ Kh7 29. Rbg8 Nf4 30. e3 Nxg2 31. Rxg2 f4 32. Qd1 Ra7 33. Be1 Qf6 34. Qa4
Nb8 35. Qe8 Nxa6 36. Qg8# {Black checkmated} 1-0

[Event "Team 45 45 League T66"]
[Site "Internet Chess Club"]
[Date "2015.09.17"]
[Round "3"]
[White "Gojira"]
[Black "elmaestro"]
[Result "0-1"]
[WhiteElo "1641"]
[BlackElo "1775"]
[Opening "Dutch"]
[ECO "A80"]
[Time "23:06:36"]
[TimeControl "2700+45"]

1. d4 f5 2. Bf4 e6 3. Nf3 Nf6 4. e3 Be7 5. Be2 O-O 6. h3 d6 7. c3 b6 8. Qb3 Qe8
9. Nbd2 Kh8 10. O-O Bd8 11. a4 a5 12. Qc2 Bb7 13. b4 Ne4 14. b5 Nd7 15. Nc4 g5
16. Bh2 h5 17. Nfd2 g4 18. hxg4 hxg4 19. Nxe4 Bxe4 20. Bd3 Nf6 21. Nd2 Qg6 22.
Nxe4 fxe4 23. Be2 Rf7 24. f3 g3 {White resigns} 0-1

[Event "Team 45 45 League T66"]
[Site "Internet Chess Club"]
[Date "2015.09.20"]
[Round "3"]
[White "pishd"]
[Black "clarinetref"]
[Result "1/2-1/2"]
[WhiteElo "1786"]
[BlackElo "1633"]
[Opening "King's Indian: East Indian defense"]
[ECO "A48"]
[Time "11:07:36"]
[TimeControl "2700+45"]

1. d4 Nf6 2. Nf3 g6 3. e3 Bg7 4. Be2 d6 5. O-O O-O 6. c4 Nbd7 7. Nc3 a6 8. b4 c5
9. bxc5 dxc5 10. Qb3 Qc7 11. Rd1 cxd4 12. exd4 e5 13. Be3 exd4 14. Bxd4 Nc5 15.
Qb4 Ne6 16. Be5 Qc5 17. Qb3 Qc6 18. Rd6 Qe8 19. Rad1 Nc5 20. Qc2 Bf5 21. Qb2 Nh5
22. Bxg7 Nxg7 23. R6d5 Ne4 24. Re5 Qc6 25. Nd5 Kh8 26. Ne7 Qf6 27. Nxf5 Nxf5 28.
Qxb7 Ned6 29. Qb6 Rfb8 30. Qc6 Rc8 31. Qa4 h6 32. c5 Nb5 33. Bxb5 axb5 34. Qxb5
Rxa2 35. Re8+ Rxe8 36. Qxe8+ Kh7 37. h3 Nh4 38. Qe4 Nxf3+ 39. Qxf3 Qxf3 40. gxf3
Rc2 41. Rd5 Kg7 42. Kf1 Kf6 43. Ke1 Ke6 44. Rd6+ Ke7 45. Rd5 Ke6 {Game drawn by
mutual agreement} 1/2-1/2